 Dungeon Crawl Stone Soup version 0.16.1-11-g651b585 (webtiles) character file.

151 wojtek the Cutter (level 5, -2/30 HPs)
             Began as a Kobold Assassin on Apr 1, 2015.
             Slain by a killer bee (5 damage)
             ... on level 3 of the Dungeon.
             The game lasted 00:03:41 (2367 turns).

wojtek the Cutter (Kobold Assassin)                 Turns: 2367, Time: 00:03:41

Health: -2/30      AC:  4    Str: 14    XL:     5   Next: 60%
Magic:  5/5        EV: 14    Int: 10    God:
Gold:   96         SH:  0    Dex: 18    Spells: 0 memorised, 4 levels left

rFire  . . .     SeeInvis .     b - +0 blowgun
rCold  . . .     Clarity  .     c - +0 robe
rNeg   . . .     SustAb   .     (no shield)
rPois  .         Gourm    .     (no helmet)
rElec  .         Spirit   .     d - +0 cloak
rCorr  .         Warding  .     h - +0 pair of gloves
rMut   .         Stasis   .     (no boots)
MR     .....                    (no amulet)
Stlth  +++.......               (no ring)
                                (no ring)

@: mighty, lethally poisoned (-2 -> -17), not resistant to hostile enchantments,
fairly stealthy
A: carnivore 3
a: no special abilities


You were on level 3 of the Dungeon.
You were completely stuffed.

You visited 1 branch of the dungeon, and saw 3 of its levels.

You collected 96 gold pieces.

Inventory:

Hand weapons
 a - a +2 dagger
 b - a +0 blowgun (weapon)
 j - a cursed +0 hunting sling
 r - a +0 hunting sling of freezing
Missiles
 e - 3 poisoned needles (quivered)
 f - 2 curare-tipped needles
Armour
 c - a +0 robe (worn)
 d - a +0 cloak (worn)
 h - a +0 pair of gloves (worn)
Jewellery
 n - an uncursed ring of wizardry {unknown}
 p - an uncursed ring of ice {unknown}
Scrolls
 k - a scroll of teleportation {unknown}
 l - a scroll of magic mapping {unknown}
 m - a scroll of remove curse {unknown}
Potions
 o - a potion of magic {unknown}
Comestibles
 g - 4 meat rations
 q - a chunk of flesh


   Skills:
 + Level 2.1 Fighting
 - Level 7.1 Short Blades
 - Level 2.6 Throwing
 + Level 1.2 Dodging
 - Level 5.3 Stealth


You had 4 spell levels left.
You didn't know any spells.

Dungeon Overview and Level Annotations

Branches:
Dungeon (3/15)

Altars:
Okawaru
The Shining One


Innate Abilities, Weirdness & Mutations

You are small and have problems with some larger weapons.
You are carnivorous and can eat meat at any time.


Message History

You shoot a poisoned needle.
The poisoned needle barely misses the killer bee.
You feel sick. The killer bee barely misses you.
Firing (i - inventory. (,) - cycle):
e - 4 poisoned needles (quivered)
Press: ? - help, Shift-Dir - straight line, f/p - killer bee
Aim: a killer bee You shoot a poisoned needle.
The poisoned needle closely misses the killer bee.
The killer bee stings you.
* * * LOW HITPOINT WARNING * * *
The killer bee stings you.
* * * LOW HITPOINT WARNING * * *
You are more poisoned.
The killer bee poisons you!
Drink which item? (? for menu, Esc to quit)
It was a potion of might.
You feel very mighty all of a sudden.
* * * LOW HITPOINT WARNING * * *
You feel sick. The killer bee stings you.
You die...

######### #.......# #.#####.##
#........# #..#####.######## ###
##..# #........# #.######...#
#.######.# .......(...#
#.y...(#.#
.....####..#####@####.#.###
.....## ##.......# #.....#
....#.# ##.####.####.###.#
.....## ##'## #.#...y# ...<.#
##...###.#.##.###.# .....#
##.....##.#.##.(...#
#.##.###.......#......#####
...#.##.........##.#...#########
......'.........+...............


You could see a killer bee.

Vanquished Creatures
  Jessica (D:2)
  A gnoll (D:1)
  A giant mite (D:2)
  5 adders
  A worm (D:2)
  3 giant geckos
  An ooze (D:1)
  A ball python (D:2)
  7 bats
  3 giant cockroaches
  10 goblins
  11 hobgoblins
  4 giant newts
  8 kobolds
  10 rats
67 creatures vanquished.

Notes
Turn   | Place    | Note
--------------------------------------------------------------
     0 | D:1      | wojtek, the Kobold Assassin, began the quest for the Orb.
     0 | D:1      | Reached XP level 1. HP: 12/12 MP: 1/1
   232 | D:1      | Reached XP level 2. HP: 17/17 MP: 2/2
   300 | D:1      | Reached XP level 3. HP: 19/21 MP: 3/3
   448 | D:1      | Reached skill level 5 in Short Blades
   709 | D:1      | Reached XP level 4. HP: 26/26 MP: 4/4
  1030 | D:2      | Found a glowing golden altar of the Shining One.
  1030 | D:2      | Noticed Jessica
  1047 | D:2      | Killed Jessica
  1213 | D:2      | Reached skill level 6 in Short Blades
  1384 | D:2      | Reached XP level 5. HP: 23/30 MP: 5/5
  1778 | D:2      | Found an iron altar of Okawaru.
  2174 | D:3      | Reached skill level 7 in Short Blades
  2367 | D:3      | Slain by a killer bee

Action                   |  1- 3 |  4- 6 || total
-------------------------+-------+-------++-------
Melee: Dagger            |    87 |   110 ||   197
 Fire: Blowgun           |       |    11 ||    11
  Use: Potion            |       |     1 ||     1
 Stab: Sleeping          |     7 |     5 ||    12
       Distracted        |     1 |     1 ||     2
  Eat: Chunk             |     8 |     5 ||    13
